 Dungeon Crawl Stone Soup version 0.28.0-53-g5a82cb258f (webtiles) character file.

Game seed: 10418284489911688270

607 Peloso the Covered (level 7, -19/61 HPs)
             Began as a Minotaur Fighter on June 14, 2022.
             Was an Initiate of Okawaru.
             Killed from afar by an acid dragon (36 damage)
             ... with a splash of acid
             ... on level 5 of the Dungeon.
             The game lasted 00:07:36 (4828 turns).

Peloso the Covered (Minotaur Fighter)               Turns: 4828, Time: 00:07:38

Health: -19/61     AC:  6    Str: 20    XL:     7   Next: 19%
Magic:  6/6        EV:  7    Int:  5    God:    Okawaru [......]
Gold:   317        SH: 10    Dex: 12    Spells: 6/6 levels left

rFire   . . .      SeeInvis .   a - +0 long sword
rCold   . . .      Faith    .   c - +0 buckler
rNeg    . . .      Spirit   .   p - +0 chain mail
rPois   .          Reflect  +   (helmet restricted)
rElec   .          Harm     .   (no cloak)
rCorr   .          Rampage  .   (no gloves)
Will    .....                   (no boots)
Stlth   ..........              g - amulet of reflection
HPRegen 0.20/turn               (no ring)
MPRegen 0.10/turn               (no ring)

@: corroded
A: horns 2, retaliatory headbutt
a: Renounce Religion


You were on level 5 of the Dungeon.
You worshipped Okawaru.
Okawaru was noncommittal.
You visited 2 branches of the dungeon, and saw 6 of its levels.

You collected 317 gold pieces.

Inventory:

Hand Weapons
 a - a +0 long sword (weapon)
 b - a +2 spear of flaming
 v - a +0 hand crossbow
Missiles
 e - a throwing net (quivered)
 w - 19 bolts
Armour
 c - a +0 buckler (worn)
 p - a +0 chain mail (worn)
Jewellery
 g - an amulet of reflection (around neck)
 t - a ring of protection from fire
Scrolls
 f - 7 scrolls of identify {unknown}
 h - a scroll of teleportation {unknown}
 j - 2 scrolls of fear {unknown}
 k - a scroll of holy word {unknown}
 o - 2 scrolls of vulnerability {unknown}
 q - a scroll of enchant armour {unknown}
 s - a scroll of immolation {unknown}
Potions
 d - a potion of might
 i - a potion of flight
 l - a potion of invisibility {unknown}
 m - 3 potions of heal wounds {unknown}
 n - a potion of curing
 r - a potion of haste {unknown}
 u - a potion of attraction {unknown}
 x - a potion of magic {unknown}


   Skills:
 + Level 5.4 Fighting
 + Level 5.8 Long Blades
 + Level 5.8 Armour
 + Level 1.3 Dodging
 + Level 0.2 Stealth
 + Level 5.4 Shields


You had 6 spell levels left.
You didn't know any spells.
Your spell library contained the following spells:

 Spells                   Type           Power      Damage    Failure   Level
 Apportation              Tloc           0%         N/A       99%         1
 Beastly Appendage        Tmut           0%         N/A       99%         1
 Sting                    Tmut/Pois      0%         1d3       99%         1
 Ensorcelled Hibernation  Hex/Ice        0%         N/A       100%        2
 Passwall                 Tmut/Erth      0%         N/A       100%        2
 Poisonous Vapours        Pois/Air       0%         N/A       100%        2
 Static Discharge         Conj/Air       0%         N/A       100%        2
 Wereblood                Tmut           0%         N/A       100%        2
 Spider Form              Tmut/Pois      0%         N/A       100%        3
 Swiftness                Air            0%         N/A       100%        3
 Fulminant Prism          Conj/Hex       0%         3d6       100%        4
 Olgreb's Toxic Radiance  Pois           0%         N/A       100%        4
 Alistair's Intoxication  Tmut/Pois      0%         N/A       100%        5
 Lightning Bolt           Conj/Air       0%         1d11      100%        5


Dungeon Overview and Level Annotations

Branches:
Dungeon (5/15)             Temple (1/1) D:4

Altars:
Ashenzari
Dithmenos
Hepliaklqana
Kikubaaqudgha
Nemelex Xobeh
Okawaru
Qazlal
Sif Muna
Uskayaw
Wu Jian
Yredelemnul
Zin
The Shining One

Shops:
D:3 *


Innate Abilities, Weirdness & Mutations

You have a pair of horns on your head.
You reflexively headbutt those who attack you in melee.


Message History

There is an empty arch of ancient stone here.
There is an empty arch of ancient stone here.
There is an empty arch of ancient stone here.
There is an empty arch of ancient stone here.
An acid dragon comes into view.
Found a stone staircase leading down.
The acid dragon spits acid at you.
The splash of acid reflects off an invisible shield around you!
The splash of acid hits the acid dragon.
An acid dragon is nearby!
The acid dragon spits acid at you. The splash of acid hits you!!
The acid corrodes you!
You hear an angry hiss.
You block the acid dragon's attack. The acid dragon claws you.
You slash the acid dragon!
The acid dragon is heavily wounded.
The acid dragon bites you but does no damage.
You block the acid dragon's attack.
You closely miss the acid dragon. You headbutt the acid dragon.
The acid dragon is heavily wounded.
The acid dragon bites you!
The acid dragon claws you but does no damage.
You hit the acid dragon but do no damage.
The acid dragon is heavily wounded.
The acid dragon bites you.
* * * LOW HITPOINT WARNING * * *
The acid dragon claws you.
* * * LOW HITPOINT WARNING * * *
You hit the acid dragon but do no damage.
Your headbutt misses the acid dragon.
The acid dragon is heavily wounded.
The acid dragon bites you but does no damage.
You block the acid dragon's attack.
You barely miss the acid dragon. You headbutt the acid dragon.
The acid dragon is heavily wounded.
You block the acid dragon's attack. The acid dragon barely misses you.
The acid dragon spits acid at you. The splash of acid hits you!!!
Ouch! That really hurt!
You die...

#...#####..##
### ....
...........##
#.# >...
#...#......###.#
.....
#.............##
#....
##............#
#.....
##.......#####
#.....#
#.....###
#.....D###..###
.......@.....##
..##..........#
##.#####∩#####
#.##8##♣.♣##8##
###...##.##...##
#_....∩.∩...._#
##...##♣##...##
##8## ##8## ##
##


You could see an acid dragon (catching breath).

Vanquished Creatures
  A water moccasin (D:5)
  A bullfrog (D:3)
  A water moccasin zombie (D:5)
  A centaur zombie (D:5)
  A hound (D:5)
  A jelly (D:4)
  A centaur skeleton (D:4)
  An orc wizard (D:4)
  8 gnolls (D:4)
  5 adders
  An adder skeleton (D:4)
  2 worms
  4 dart slugs
  14 orcs
  6 bats
  9 endoplasms
  A giant cockroach (D:3)
  5 goblins
  10 hobgoblins
  7 kobolds
  5 quokkas
  8 ball pythons
  4 frilled lizards
  A rat (D:3)
98 creatures vanquished.

Vanquished Creatures (others)
  A fungus (D:1)
  A plant (D:1)
2 creatures vanquished.

Grand Total: 100 creatures vanquished

Notes
Turn   | Place    | Note
-------+----------+-------------------------------------------
     0 | D:1      | Peloso the Minotaur Fighter began the quest for the Orb.
     0 | D:1      | Reached XP level 1. HP: 19/19 MP: 0/0
   359 | D:1      | Reached XP level 2. HP: 24/27 MP: 1/1
   671 | D:1      | Found a faded altar of an unknown god.
   752 | D:1      | Reached XP level 3. HP: 33/33 MP: 2/2
  1275 | D:2      | Reached XP level 4. HP: 40/40 MP: 3/3
  1428 | D:2      | Got Sif Muna's Almanac of Confrontation and the Birds
  1722 | D:3      | Found a glowing golden altar of the Shining One.
  2250 | D:3      | Found Zin's Purification Station.
  2266 | D:3      | Found a glowing silver altar of Zin.
  2380 | D:3      | Found a basalt altar of Yredelemnul.
  2657 | D:4      | Noticed a bullfrog
  2689 | D:3      | Killed a bullfrog
  2690 | D:3      | Reached XP level 5. HP: 14/46 MP: 4/4
  3246 | D:4      | Reached skill level 5 in Armour
  3246 | D:4      | Reached skill level 1 in Dodging
  3257 | D:4      | Reached skill level 5 in Long Blades
  3257 | D:4      | Reached XP level 6. HP: 31/53 MP: 5/5
  3741 | D:4      | Found a staircase to the Ecumenical Temple.
  3758 | Temple   | Entered the Ecumenical Temple
  3858 | Temple   | Became a worshipper of Warmaster Okawaru
  3953 | D:4      | Found a stormy altar of Qazlal.
  4305 | D:5      | Entered Level 5 of the Dungeon
  4385 | D:5      | Reached skill level 5 in Shields
  4394 | D:5      | Reached skill level 5 in Fighting
  4470 | D:5      | Noticed a water moccasin
  4483 | D:5      | Killed a water moccasin
  4484 | D:5      | Reached XP level 7. HP: 32/61 MP: 6/6
  4763 | D:5      | Found a hide-covered altar of Uskayaw.
  4764 | D:5      | Noticed a +0 hand axe
  4765 | D:5      | Noticed a +0 hand axe
  4797 | D:5      | Found a hazy altar of Hepliaklqana.
  4797 | D:5      | Found an ornate altar of the Wu Jian Council.
  4828 | D:5      | Killed from afar by an acid dragon

Illustrated notes

Levels and vault maps discovered:
D:1:      lightli_arrival_isolated_outpost, layout_loops_ring,
          shapermc_ecumenical_altar_acropolis, kennysheep_another_room,
          grunt_decor_fettered
D:2:      layout_rooms, amethyst_killhole, nrook_campfire
D:3:      layout_basic, zin_purify, mainiacjoe_overflow_paths,
          general_overflow_altar
D:4:      layout_basic, nicolae_qazlal_eye_of_the_storm,
          minmay_temple_entry_offerings, st_stairs_13,
          minmay_fractal_squares_diagonal_5
D:5:      layout_layer_cave, xom_confusion_cloud, dancing_weapons_uskayaw,
          amethyst_overflow_temple_binary, hangedman_decor_slide_cut
Temple:   minmay_temple_curvy_loop

Skill      XL: |  1  2  3  4  5  6 |
---------------+-------------------+-----
Fighting       | 4 5 |  5.4
Shields        | 4 5 |  5.4
Armour         | 4 5 |  5.8
Long Blades    | 3 4 5 |  5.8
Dodging        | 1 |  1.3
Stealth        | |  0.2

Action                   |  1- 3 |  4- 6 |  7- 9 || total
-------------------------+-------+-------+-------++-------
Melee: Long sword        |    99 |   186 |     8 ||   293
       Headbutt          |    16 |    26 |     5 ||    47
  Use: Potion            |       |     2 |       ||     2
Armor: Scale mail        |    53 |       |       ||    53
       Chain mail        |       |   100 |     8 ||   108
Dodge: Dodged            |    54 |    75 |     4 ||   133
Block: Buckler           |    62 |   104 |     9 ||   175
       Reflection        |     2 |     2 |     1 ||     5
